 Dungeon Crawl Stone Soup version 0.29-a0-1052-g6990b1bffc (webtiles) character file.

Game seed: 6918294277696758415

2209 drugrobin the Cleaver (level 8, -3/105 HPs)
             Began as a Demigod Delver on Aug 17, 2022.
             Slain by a human
             ... wielding a +2 vorpal hand axe
              (7 damage)
             ... in a bailey.
             The game lasted 00:19:09 (6518 turns).

drugrobin the Cleaver (Demigod Delver)              Turns: 6518, Time: 00:19:10

Health: -3/105     AC:  8    Str: 21    XL:     8   Next: 89%
Magic:  10/10      EV: 11    Int: 16    God:
Gold:   348        SH:  0    Dex: 15    Spells: 7/7 levels left

rFire   + . .      SeeInvis .   a - +0 hand axe (vorpal)
rCold   . . .      Faith    .   (no shield)
rNeg    . . .      Spirit   .   E - +1 ring mail "Fiosoc" {+Blink rElec Stlth+}
rPois   .          Reflect  .   (no helmet)
rElec   +          Harm     .   (no cloak)
rCorr   .          Rampage  .   (no gloves)
Will    .....                   K - +1 pair of boots
Stlth   ..........              u - amulet "Teat" {Regen+ Int+4}
HPRegen 1.07/turn               t - ring of protection from fire
MPRegen 0.12/turn               (no ring)

@: berserking (expiring), very quick
A: high MP 1, forlorn, divine attributes
a: Evoke Blink


You were in a bailey.
You visited 1 branch of the dungeon, and saw 7 of its levels.
You also visited: Bailey.

You collected 348 gold pieces.

Inventory:

Hand Weapons
 a - a +0 vorpal hand axe (weapon)
 b - a +0 sling
 c - a +0 war axe
Missiles
 o - 3 boomerangs (quivered)
 q - 14 poisoned darts
Armour
 E - the +1 ring mail "Fiosoc" (worn) {+Blink rElec Stlth+}
   (You found it on level 4 of the Dungeon)

   rElec:     It insulates you from electricity.
   +Blink:    It lets you blink.
   Stlth:     It makes you more stealthy.
 K - a +1 pair of boots (worn)
Magical Staves
 G - a staff of cold
Jewellery
 t - a ring of protection from fire (left hand)
 u - the amulet "Teat" (around neck) {Regen+ Int+4}
   (You found it on level 3 of the Dungeon)

   [amulet of regeneration]

   Int:       It affects your intelligence (+4).
   Regen:     It increases your rate of health regeneration.
Wands
 g - a wand of digging (2)
 y - a wand of polymorph (12)
 C - a wand of quicksilver (5)
 H - a wand of flame (8)
 I - a wand of roots (6)
 L - a wand of paralysis (11)
Scrolls
 d - 2 scrolls of magic mapping
 e - 2 scrolls of fear
 h - 2 scrolls of noise {unknown}
 i - 4 scrolls of torment {unknown}
 j - 2 scrolls of fog
 k - 4 scrolls of enchant weapon {unknown}
 l - 4 scrolls of identify {unknown}
 p - 4 scrolls of enchant armour
 s - a scroll of silence {unknown}
 x - a scroll of blinking {unknown}
 B - 5 scrolls of teleportation {unknown}
 J - a scroll of immolation {unknown}
Potions
 f - 3 potions of haste
 m - a potion of mutation {unknown}
 n - a potion of curing {unknown}
 r - 2 potions of attraction
 v - a potion of ambrosia {unknown}
 w - a potion of might {unknown}
 z - a potion of berserk rage
 A - 2 potions of brilliance {unknown}
 D - 2 potions of flight {unknown}
 F - a potion of heal wounds {unknown}


   Skills:
 + Level 5.8 Fighting
 * Level 8.4 Axes
 - Level 2.0 Dodging
 - Level 4.6 Stealth
 + Level 4.9 Evocations


You had 7 spell levels left.
You didn't know any spells.
Your spell library contained the following spells:

 Spells                   Type           Power      Damage    Failure   Level
 Slow                     Hex            0%         N/A       38%         1
 Confusing Touch          Hex            0%         N/A       77%         3
 Gell's Gravitas          Tloc           0%         N/A       77%         3
 Teleport Other           Tloc           0%         N/A       77%         3
 Vampiric Draining        Necr           0%         2d6       77%         3
 Dispersal                Tloc           0%         N/A       100%        6


Dungeon Overview and Level Annotations

Branches:
Dungeon (7/15)             Temple (0/1) D:7          Bailey (1/1)

Shops:
D:1 =(

Annotations:
D:4 Blork the orc
D:6 2 transporters


Innate Abilities, Weirdness & Mutations

You have an increased reservoir of magic. (+10% MP)
You shall have no god before yourself.
Your divine heritage dramatically boosts your attributes as you level up.


Message History

You kill the bullfrog!
Unknown command.
Unknown command.
Unknown command.
The human splashes around in the water.
There is an open door, spattered with blood here.
Things that are here:
a bullfrog corpse; a bullfrog corpse Unknown command.
Unknown command.
You closely miss the human.
The human hits you with a +2 vorpal hand axe!
* * * LOW HITPOINT WARNING * * *
x2 Unknown command.
Unknown command.
Unknown command.
Unknown command.
You hit the human but do no damage.
Unknown command.
Unknown command.
You closely miss the human.
The human splashes around in the water.
Unknown command.
Unknown command.
You hit the human.
The human is lightly wounded.
Unknown command.
Unknown command.
You hit the human.
The human is lightly wounded.
The human splashes around in the water.
Unknown command.
Unknown command.
You hit the human.
The human is moderately wounded.
Unknown command.
Unknown command.
You hit the human but do no damage.
The human is moderately wounded.
The human hits you with a +2 vorpal hand axe!
You die...

##### ......
#####
......##..)##
#....'..∩[.#
######)..))#
#~~p@..∩..#
#~~~~##...##
..'~~~~ #####
..#~~~~ .
##~~~ ####


You could see a human.

Vanquished Creatures
  2 humans (Bailey)
  A steam dragon (D:7)
  Menkaure (D:6)
  A sky beast (D:4)
  An ice beast (D:6)
  A centaur (D:6)
  5 bullfrogs (Bailey)
  3 scorpions
  Dowan (D:4)
  6 killer bees (D:6)
  A hound (D:7)
  4 orc priests
  6 iguanas
  An orc wizard (D:7)
  9 gnolls
  11 adders
  A shadow imp (D:6)
  A white imp (D:5)
  A worm (D:2)
  17 orcs
  6 bats
  3 endoplasms
  2 giant cockroaches
  14 goblins
  6 hobgoblins
  A jackal (D:4)
  2 quokkas
  3 ball pythons
  A frilled lizard (D:3)
  7 kobolds
  3 rats
122 creatures vanquished.

Vanquished Creatures (others)
  A jackal (D:4)
1 creature vanquished.

Grand Total: 123 creatures vanquished

Notes
Turn   | Place    | Note
-------+----------+-------------------------------------------
     0 | D:5      | drugrobin the Demigod Delver began the quest for the Orb.
     0 | D:5      | Reached XP level 1. HP: 18/18 MP: 3/3
   341 | D:3      | Reached skill level 2 in Axes
   341 | D:3      | Reached XP level 2. HP: 24/25 MP: 4/4
   608 | D:1      | HP: 1/37 [hobgoblin (4)]
   984 | D:1      | Found Cemnorchi's Weapon Emporium.
  1104 | D:1      | Reached XP level 3. HP: 25/30 MP: 5/5
  1195 | D:1      | Found Uzomask's One-of-a-Kind Rings.
  1291 | D:1      | Noticed a Brimstone Fiend
  1776 | D:2      | Reached skill level 3 in Axes
  2560 | D:3      | Identified the amulet "Teat" {Regen+ Int+4}
  2587 | D:3      | Noticed a shadow
  3040 | D:3      | Reached XP level 4. HP: 36/37 MP: 6/6
  3283 | D:4      | Reached skill level 4 in Axes
  3363 | D:4      | Noticed Blork the orc
  3622 | D:4      | Reached XP level 5. HP: 45/45 MP: 7/7
  3660 | D:4      | Reached skill level 1 in Evocations
  3686 | D:4      | Noticed Duvessa
  3689 | D:4      | Noticed Duvessa
  3689 | D:4      | Duvessa changed into Duvessa the sky beast
  3732 | D:4      | Noticed Dowan
  3762 | D:4      | Killed Duvessa the sky beast
  3772 | D:4      | Killed Dowan
  3773 | D:4      | Reached skill level 5 in Axes
  3773 | D:4      | Reached XP level 6. HP: 44/51 MP: 8/8
  3804 | D:4      | Identified the +1 ring mail "Fiosoc" {+Blink rElec Stlth+}
  4080 | D:4      | You fall into a shaft and drop 1 floor!
  4835 | D:5      | Reached XP level 7. HP: 42/59 MP: 9/9
  5407 | D:6      | Reached skill level 6 in Axes
  5441 | D:6      | Noticed Menkaure
  5447 | D:6      | Killed Menkaure
  5580 | D:6      | Found a transporter.
  5581 | D:6      | Noticed a wyvern
  5584 | D:6      | Found a transporter.
  5593 | D:6      | Noticed a troll
  5972 | D:6      | Noticed a green death
  6042 | D:6      | Reached skill level 7 in Axes
  6042 | D:6      | Reached XP level 8. HP: 52/67 MP: 10/10
  6271 | D:7      | Reached skill level 5 in Fighting
  6368 | D:7      | Found a flagged portal.
  6387 | Bailey   | Entered a bailey
  6484 | Bailey   | Reached skill level 8 in Axes
  6512 | Bailey   | HP: 4/105 [human/+2 vorpal hand axe (11)]
  6512 | Bailey   | HP: 1/105 [human/+2 vorpal hand axe (3)]
  6518 | Bailey   | Slain by a human

Illustrated notes

Levels and vault maps discovered:
D:1:      dpeg_arrival_brainrot, layout_rooms, serial_shops,
          nicolae_shop_hallway_stairs, dreamdust_ecumenical_altar_sealed_demon,
          nicolae_shop_unique_rings, kennysheep_nondescript
D:2:      layout_basic
D:3:      layout_basic, riverfiend_overflow_shadow_ancestor,
          nicolae_hexahallways
D:4:      layout_loops_ring, minmay_statues_item, uniq_duvessa,
          uniq_blork_the_orc
D:5:      layout_basic, nicolae_ru_sacrificial_ziggurat
D:6:      layout_basic, makhleb_altar_promises_db,
          gammafunk_temple_overflow_arena, due_unseen_surprise, uniq_menkaure
D:7:      layout_basic, minmay_temple_entry_metal_lava, enter_bailey_3
Bailey:   bailey_axe_froggy_fort_hellmonk, bailey

Skill      XL: |  1  2  3  4  5  6  7  8 |
---------------+-------------------------+-----
Axes           | 2 3 4 5 7 8 |  8.4
Dodging        | 2 |  2.0
Fighting       | 3 4 5 |  5.8
Evocations     | 1 2 3 4 |  4.9
Stealth        | |  4.6

Action                   |  1- 3 |  4- 6 |  7- 9 || total
-------------------------+-------+-------+-------++-------
Melee: Hand axe          |   141 |   147 |   163 ||   451
       Punch             |     1 |       |     1 ||     2
       Unarmed           |     8 |       |    23 ||    31
 Fire: Sling             |    48 |     3 |       ||    51
Throw: Boomerang         |     1 |    27 |    45 ||    73
       Dart              |       |    18 |    10 ||    28
Evoke: Wand              |       |     3 |    14 ||    17
  Use: Potion            |     2 |       |     2 ||     4
       Scroll            |       |       |     3 ||     3
 Stab: Sleeping          |     4 |     3 |     2 ||     9
Armor: Leather armour    |    42 |       |       ||    42
       Skin              |     5 |       |    25 ||    30
       Scale mail        |     7 |    17 |       ||    24
       Ring mail         |       |    18 |    65 ||    83
Dodge: Dodged            |   105 |    81 |   119 ||   305

Table legend: (Time is in decaauts)
 A = Elapsed time spent in this place.
 B = Non-inter-level travel time spent in this place.
 C = Inter-level travel time spent in this place.
 D = Time resting spent in this place.
 E = Time spent auto-exploring this place.
 F = Levels seen in this place.
 G = Mean time per level.
                   A        B        C        D        E       F      G
               +--------+--------+--------+--------+--------+-----+--------+
         Total |   6567 |   6352 |    215 |   1081 |   3271 |   8 |  820.9 |
       Dungeon |   6445 |   6230 |    215 |   1045 |   3267 |   7 |  920.7 |
        Bailey |    121 |    121 |      0 |     36 |      4 |   1 |  121.0 |
               +--------+--------+--------+--------+--------+-----+--------+

Top non-repeatable levels by time:
     D:2: 1269 daAuts
     D:5: 1048 daAuts
     D:4: 1045 daAuts
     D:3: 1031 daAuts
     D:6: 972 daAuts
     D:1: 937 daAuts
     D:7: 141 daAuts
  Bailey: 121 daAuts
